ElectroBlueGuy, lawful male human Samurai --- --.-- ----- --...| |...----- |...-- --...(...-- ---.--- ----...<.....--- |...| ...)........%..----.--- .......---......|...| .aa..----.).(....-- ..@............... ....------..)..... ....| |....... ..- --.... ...-- --- ElectroBlueGuy the Ninja Experience level: 7 Strength: 13 Dexterity: 16 Constitution: 18 Intelligence: 12 Wisdom: 11 Charisma: 10 Health: 0(70) Energy: 28(28) Def: 7 Gold: 174 Moves: 2721 Dungeon seed: JLdGMeQI-rm8jifQ Game ID: ElectroBlueGuy_1571518162 Your Inventory: Coins $ - 174 gold pieces Weapons a - a thoroughly corroded +0 katana (wielded in other hand) c - a +0 yumi k - the blessed rustproof +0 Excalibur (weapon in hand) t - 2 +0 ya v - 5 +0 arrows (in quiver) B - 3 cursed -1 darts Armor e - an uncursed rustproof +0 splint mail (being worn) z - an uncursed +0 pair of kicking boots (being worn) Comestibles o - 3 uncursed gunyoki O - an uncursed candy bar Scrolls A - an uncursed scroll of identify Rings g - an uncursed ring of cold resistance (on left hand) h - a cursed ring of hunger (on right hand) L - an uncursed ring of see invisible Tools H - an uncursed skeleton key J - 4 blessed partly used wax candles (0:328) K - 2 uncursed tallow candles (0:200) Gems n - 3 uncursed worthless pieces of violet glass q - an uncursed worthless piece of yellow glass r - 2 uncursed worthless pieces of red glass Spells and supernatural/magical abilities: Name Level Category Fail Memory W - pray for help -- divine ? -- Your skills at the end: Fighting Skills martial arts [Basic] two weapon combat [Basic] Weapon Skills short sword [Basic] long sword [Basic] bow [Basic] Spellcasting Skills Final Attributes: You were piously aligned. You were cold resistant. You were level-drain resistant. You hungered rapidly. You had automatic searching. You were fast. You were wielding two weapons at once. You are dead. Vanquished creatures: 3 black puddings a small mimic a leprechaun a pony a shrieker 5 gnome lords 3 gnomish wizards a dwarf a homunculus a giant bat 2 iguanas 2 acid blobs 2 coyotes 2 hobbits 2 manes a large kobold a hobgoblin 2 giant rats a green mold 22 gnomes 3 garter snakes a gnome zombie a jackal a kobold a goblin 3 sewer rats 4 grid bugs a lichen 3 newts 73 creatures vanquished. Voluntary challenges: You were an atheist. You used a wielded weapon 77 times, starting on turn 35. You read items or engraved 2 times, starting on turn 1780. You never genocided any monsters. You never polymorphed an object. You never changed form. You used no wishes. You split 2 puddings, starting on turn 35. You never wrote Elbereth's name. You never violated your personal moral code. Dungeon overview: The Dungeons of Doom: levels 1 to 5 Level 1 a sink a long staircase Level 2 Level 3 a general store Level 4 a general store stairs to The Gnomish Mines Level 5 The Gnomish Mines: levels 5 to 7 Level 5 stairs to The Dungeons of Doom Level 6 Level 7 <- You were here History has recorded: On T:1 you entered the Dungeons of Doom to retrieve the Amulet of Yendor! On T:37 you advanced to experience level 2. On T:37 you advanced to experience level 3. On T:87 you advanced to experience level 4. On T:447 you advanced to experience level 5. On T:465 you reached level 2 of The Dungeons of Doom. On T:1074 you reached level 3 of The Dungeons of Doom. On T:1370 you advanced to experience level 6. On T:1590 you reached level 4 of The Dungeons of Doom. On T:1808 you reached level 5 of The Dungeons of Doom. On T:1862 you reached level 1 of The Gnomish Mines. On T:2304 you reached level 2 of The Gnomish Mines. On T:2577 you reached level 3 of The Gnomish Mines. On T:2660 you advanced to experience level 7. Score breakdown: Gold: 174 ( 7630 points) Experience: 7 levels (13645 points) Exploration: 7 levels ( 14.89%) (10834 points) Discoveries: 5 items ( 2.03%) ( 4276 points) Valuables value: (no points given unless you survive) Artifact value: 4000 (12253 points) Variety of kills: 29 monsters ( 7.61%) ( 8276 points) Turncount: 2721 turns ( -455 points) Survival: died (score multiplied by 80%) Total score: 45167 Latest messages: This gnome lord corpse tastes terrible! You finish eating the gnome lord corpse. There are a few objects here. The soldier ant shudders for a moment. The soldier ant misses. The soldier ant stings! The soldier ant's sting was poisoned! The soldier ant misses. The soldier ant stings! The soldier ant misses. The soldier ant stings! The soldier ant's sting was poisoned! The soldier ant bites! The soldier ant stings! As you read the scroll, it disappears. You are surrounded by darkness! Your candles' flames are extinguished. The soldier ant misses. The soldier ant stings! You die... Final status: Sayonara ElectroBlueGuy the Samurai, killed by a soldier ant... You died in The Gnomish Mines on dungeon level 7 with 45167 points, and 174 pieces of gold, after 2721 moves. You were level 7 with a maximum of 70 hit points when you died.